 Dungeon Crawl Stone Soup version 0.25.1-2-g60ff931df9 (webtiles) character file.

Game seed: 251939786434940827

145 gruber the Stinger (level 5, 0/31 HPs)
             Began as an Octopode Venom Mage on Dec 1, 2020.
             Was an Initiate of Gozag.
             Succumbed to an adder's poison
             ... on level 3 of the Dungeon.
             The game lasted 00:02:45 (2733 turns).

gruber the Stinger (Octopode Venom Mage)            Turns: 2733, Time: 00:02:45

Health: 0/31       AC:  1    Str:  7    XL:     5   Next: 27%
Magic:  9/11       EV: 13    Int: 18    God:    Gozag
Gold:   100        SH:  0    Dex: 13    Spells: 8/12 levels left

rFire    . . .     SeeInvis .   (no weapon)
rCold    . . .     Gourm    .   (no shield)
rNeg     . . .     Faith    .   (helmet restricted)
rPois    .         Spirit   .   (no amulet)
rElec    .         Reflect  .   i - ring of teleportation (curse)
rCorr    .         Harm     .   (no ring)
MR       .....     Rnd*Tele +   (no ring)
Stlth    +++.......             (no ring)
HPRegen  0.10/turn              (no ring)
MPRegen  0.12/turn              (no ring)
                                (no ring)
                                (no ring)

@: lethally poisoned (0 -> -5), gold aura, very slightly contaminated
A: almost no armour, stealthy swim, amphibious, 8 rings, constrict 8, camouflage
1, gelatinous body 1
a: Potion Petition, Call Merchant, Bribe Branch, Renounce Religion


You were on level 3 of the Dungeon.
You worshipped Gozag.
Gozag was aware of your devotion.
You were hungry.

You visited 1 branch of the dungeon, and saw 3 of its levels.

You collected 117 gold pieces.
You paid 17 gold pieces to Gozag.

Inventory:

Jewellery
 i - a cursed ring of teleportation (left tentacle)
 j - a cursed -4 ring of evasion {unknown}
Wands
 e - a wand of clouds (1)
Scrolls
 c - 2 scrolls of remove curse {unknown}
 d - a scroll of fear {unknown}
 f - 2 scrolls of teleportation {unknown}
 h - 2 scrolls of identify {unknown}
 k - a scroll of fog {unknown}
Potions
 a - a potion of haste {unknown}
 g - a potion of degeneration {unknown}
Comestibles
 b - 5 rations


   Skills:
 - Level 2.0 Dodging
 - Level 2.6 Stealth
 * Level 4.1 Spellcasting
 - Level 1.0 Transmutations
 - Level 5.0 Poison Magic


You had 8 spell levels left.
You knew the following spells:

 Your Spells              Type           Power        Failure   Level  Hunger
a - Sting                 Tmut/Pois      ##..         4%          1    None
b - Mephitic Cloud        Conj/Pois/Air  #.......     22%         3    ###....

Your spell library contained the following spells:

 Spells                   Type           Power        Failure   Level  Hunger
 Poisonous Vapours        Pois/Air       ##....       8%          2    ##.....
 Ignite Poison            Fire/Tmut/Pois ##......     19%         3    ###....
 Olgreb's Toxic Radiance  Pois           ###.....     19%         4    ####...


Dungeon Overview and Level Annotations

Branches:
Dungeon (3/15)

Altars:
Gozag


Innate Abilities, Weirdness & Mutations

You cannot wear most types of armour.
You are very stealthy in the water. (Stealth+)
You are amphibious.
You can wear up to eight rings at the same time.
You can use your tentacles to constrict eight enemies at once.
Your skin changes colour to match your surroundings (Stealth+).
Your rubbery body absorbs attacks. (AC +1, EV +1)


Message History

* * * LOW HITPOINT WARNING * * *
You feel sick.
* * * LOW HITPOINT WARNING * * *
You feel sick. The adder misses you.
You closely miss the adder. Your grab misses the adder.
The adder is heavily wounded.
The adder closely misses you.
You tentacle-slap the adder but do no damage.
Your grab misses the adder.
The adder is heavily wounded.
* * * LOW HITPOINT WARNING * * *
You feel sick.
The adder looks more healthy.
The adder bites you.
* * * LOW HITPOINT WARNING * * *
You tentacle-slap the adder. You grab the adder. You squeeze the adder.
You kill the adder!
You barely miss the leopard gecko. Your grab misses the leopard gecko.
You squeeze the leopard gecko.
The leopard gecko is heavily wounded.
You die...
Your body crumbles into a pile of gold.

############ #######
#%.........#
.......###..8.....8.#
..........w.........#
........###....>.....#
........rl@........... ..
..(....###..........## ..
......K #$.........# ..
..$..(. ...8...(.8.# # ..
....... ##..........##.# ..
....... ###.##.###....# ..
#####'# .. .# #.#### ..
######.#############.#####..
.....<.................$.+..


You could see a leopard gecko and a rat.

Vanquished Creatures
  A crimson imp (D:3)
  Ijyb (D:3)
  A gnoll (D:1)
  3 adders
  A worm (D:2)
  A leopard gecko (D:2)
  An orc (D:3)
  4 bats (D:1)
  A giant cockroach (D:3)
  8 goblins
  6 hobgoblins
  2 jackals (D:2)
  3 kobolds
  A quokka (D:2)
  2 ball pythons
  4 frilled lizards
  5 rats
45 creatures vanquished.

Notes
Turn   | Place    | Note
-------+----------+-------------------------------------------
     0 | D:1      | gruber the Octopode Venom Mage began the quest for the Orb.
     0 | D:1      | Reached XP level 1. HP: 11/11 MP: 3/3
    89 | D:1      | Reached skill level 4 in Poison Magic
   333 | D:1      | Reached XP level 2. HP: 13/17 MP: 5/5
   753 | D:1      | Reached skill level 5 in Poison Magic
   753 | D:1      | Reached XP level 3. HP: 15/21 MP: 2/6
   758 | D:1      | Learned a level 3 spell: Mephitic Cloud
  1389 | D:2      | Found a faded altar of an unknown god.
  2234 | D:2      | Reached XP level 4. HP: 27/27 MP: 5/8
  2449 | D:2      | Found an opulent altar of Gozag.
  2526 | D:2      | Became a worshipper of Gozag Ym Sagoz the Greedy
  2634 | D:3      | Noticed Ijyb
  2653 | D:3      | HP: 1/27 [Ijyb/+0 club (4)]
  2658 | D:3      | Killed Ijyb
  2666 | D:3      | Reached XP level 5. HP: 12/31 MP: 4/11
  2731 | D:3      | HP: 1/31 [adder (3)]
  2733 | D:3      | Succumbed to an adder's poison

Illustrated notes

Levels and vault maps discovered:
D:1:      onia_arrival_pentagram, layout_loops_ring, st_stairs_8
D:2:      layout_loops_ring, overflow_temple_1_default,
          chequers_ecumenical_altar_simple_redux
D:3:      layout_basic, amethyst_overflow_temple_binary, st_stairs_1,
          grunt_ministairs_7, minmay_fountain_box, roderic_batcave,
          chequers_serial_rivers_micro_d, uniq_ijyb, uniq_grinder

Skill      XL: |  1  2  3  4 |
---------------+-------------+-----
Poison Magic   | 4 5 |  5.0
Spellcasting   | 4 |  4.1
Dodging        | |  2.0
Stealth        | |  2.6
Transmutations | |  1.0

Action                   |  1- 3 |  4- 6 || total
-------------------------+-------+-------++-------
Melee: Unarmed           |    69 |    40 ||   109
       Constrict         |    21 |    10 ||    31
       Tentacles         |     9 |     6 ||    15
 Cast: Sting             |    22 |     9 ||    31
Invok: Potion Petition   |       |     1 ||     1
  Use: Potion            |       |     2 ||     2
 Stab: Sleeping          |     7 |     3 ||    10
  Eat: Chunk             |     4 |     1 ||     5
Armor: Skin              |    10 |     2 ||    12
Dodge: Dodged            |    59 |    26 ||    85
